 Dungeon Crawl Stone Soup version 0.29.1-15-g9cfb28693d (webtiles) character file.

Game seed: 1232344441888314853

0 croobank the Sneak (level 1, -5/16 HPs)
             Began as an Octopode Delver on Mar 5, 2023.
             Slain by a gnoll
             ... wielding a +0 spear
              (7 damage)
             ... on level 5 of the Dungeon.
             The game lasted 00:01:05 (66 turns).

croobank the Sneak (Octopode Delver)                  Turns: 66, Time: 00:01:05

Health: -5/16      AC:  1    Str: 11    XL:     1   Next: 0%
Magic:  1/1        EV: 13    Int: 12    God:
Gold:   0          SH:  0    Dex: 13    Spells: 0/0 levels left

rFire   . . .      SeeInvis .   a - +0 hand axe
rCold   . . .      Faith    .   (no shield)
rNeg    . . .      Spirit   .   (helmet restricted)
rPois   .          Reflect  .   (no amulet)
rElec   .          Harm     .   (no ring)
rCorr   .          Rampage  .   (no ring)
Will    .....                   (no ring)
Stlth   ++++......              (no ring)
HPRegen 0.05/turn               (no ring)
MPRegen 0.07/turn               (no ring)
                                (no ring)
                                (no ring)

@: hasted, very quick
A: almost no armour, amphibious, 8 rings, camouflage 1, gelatinous body 1,
(nimble swimmer 1), tentacles
a: no special abilities


You were on level 5 of the Dungeon.
You visited 1 branch of the dungeon, and saw 2 of its levels.

Inventory:

Hand Weapons
 a - a +0 hand axe (weapon)
Wands
 f - a wand of digging (3)
Scrolls
 b - a scroll of fog


   Skills:
 + Level 3.0 Fighting
 + Level 2.0 Axes
 + Level 2.0 Dodging
 + Level 6.6 Stealth


You couldn't memorise any spells.
You didn't know any spells.
Your spell library was empty.

Dungeon Overview and Level Annotations

Branches:
Dungeon (6/15)
 Temple: D:4-7

Altars:

Annotations:
D:6 3 runed translucent doors, Arctor's ghost, novice DrTm; sanboga's ghost, novice GrFi


Innate Abilities, Weirdness & Mutations

You cannot wear most types of armour.
You are amphibious.
You can wear up to eight rings at the same time.
Your skin changes colour to match your surroundings (Stealth+).
Your rubbery body absorbs attacks. (AC +1, EV +1)
((You are camouflaged when in or above water. (Stealth+)))
You have tentacles for arms and can constrict up to eight enemies at once.


Message History

There is a stone staircase leading down here.
As you read the scroll of fear, it crumbles to dust.
You assume a fearsome visage.
The orc looks frightened!
The orc shouts!
The orc looks frightened! x3; The water moccasin looks frightened!
As you read the scroll of magic mapping, it crumbles to dust.
You feel aware of your surroundings.
You sensed 2 altars, and 1 shop/portal.
Found 3 poisoned darts.
A gnoll comes into view. It is wielding a +0 flail.
The gnoll shouts!
You hear a shout! x2
A gnoll comes into view. It is wielding a +0 whip.
You see here a scroll of fear.
c - a scroll of fear The gnoll completely misses you.
A gnoll comes into view. It is wielding a +0 whip.
As you read the scroll of fear, it crumbles to dust.
You assume a fearsome visage.
The gnoll looks frightened! x3
The gnoll gives up.
A gnoll comes into view.
It is wielding a +0 spear. 2 gnolls come into view.
The gnoll shouts! x2
The gnoll throws a throwing net.
The throwing net barely misses you.
The gnoll shouts!
You see here a throwing net.
Found a stone staircase leading up.
A jelly comes into view.
The gnoll barely misses you.
You feel yourself speed up.
A gnoll comes into view. It is wielding a +0 spear.
The gnoll closely misses you.
An adder comes into view.
The gnoll hits you from afar with a +0 spear.
* * * LOW HITPOINT WARNING * * *
You see here a throwing net.
An orc comes into view. It is wielding a +3 mace of protection.
Found a robe.
The adder hisses angrily.
The gnoll barely misses you. The adder barely misses you.
The gnoll hits you with a +0 spear!
You die...

*,,,,,,,,,,,,* ****,,,,,
*##.....,**..# ***,,,,,
#.....##*#..# *,,,,,,, ***
#......##...# **,**,,,
**,######.........,**##*,,#**,
*,,#o.#........[.,,##.,,g..#*,
*,,............#*,,...,,.#.###
*,,............#**##.###......
***.........S@.####.....(.#...
*.......g..g..#.........##..
*........g##.............#..
*........g...............##.
*##......g.g................
*.....###.##......#(........
*....#* #..#...#.##.........
**.##.* ##.....#............
*,,,.,* #..#.###...........


You could see 4 gnolls and an adder.

Vanquished Creatures (others)
  A withered plant (D:6)
1 creature vanquished.

Notes
Turn   | Place    | Note
-------+----------+-------------------------------------------
     0 | D:5      | croobank the Octopode Delver began the quest for the Orb.
     0 | D:5      | Reached XP level 1. HP: 16/16 MP: 1/1
     7 | D:6      | Found a runed translucent gate.
     7 | D:6      | Found a runed translucent gate.
     7 | D:6      | Found a runed translucent gate.
     8 | D:6      | Noticed Arctor's ghost (novice DrTm)
     9 | D:6      | Noticed sanboga's ghost (novice GrFi)
    20 | D:6      | Noticed an ogre
    26 | D:5      | Noticed a water moccasin
    45 | D:5      | Noticed a jelly
    66 | D:5      | Slain by a gnoll

Illustrated notes

Levels and vault maps discovered:
D:5:      layout_cave_pools, okawaru_altar_gauntlet_db,
          overflow_temple_1_default, serial_shops, nicolae_shop_stone,
          minmay_misc_feat_diagonals
D:6:      kennysheep_housing_project, layout_rooms, serial_shops,
          nicolae_shop_trees, gammafunk_ghost_cemetery, uniq_eustachio,
          uniq_prince_ribbit1, uniq_sigmund

Action                   || total
-------------------------++-------
  Use: Scroll            ||     3
       Potion            ||     1
Dodge: Dodged            ||     7
